 Dungeon Crawl Stone Soup version 0.16-a0-3171-gce70061 (webtiles) character file.

152 Chiseanne the Cudgeler (level 5, -4/50 HPs)
             Began as a Troll Wanderer on Dec 16, 2014.
             Was an Initiate of Ru.
             Slain by a river rat (6 damage)
             ... in a sewer.
             The game lasted 00:06:38 (1603 turns).

Chiseanne the Cudgeler (Troll Wanderer)             Turns: 1603, Time: 00:06:38

Health: -4/50      AC:  6    Str: 26    XL:     5   Next: 11%
Magic:  2/2        EV: 10    Int:  7    God:    Ru [......]
Gold:   68         SH:  0    Dex: 10    Spells: 0 memorised, 4 levels left

rFire  . . .     SeeInvis .     a - +2 mace
rCold  . . .     Clarity  .     d - +1 robe
rNeg   . . .     SustAb   .     (shield restricted)
rPois  .         Gourm    +     (helmet restricted)
rElec  .         Spirit   .     (no cloak)
rCorr  .         Warding  .     (gloves unavailable)
rMut   .         Stasis   .     (boots unavailable)
MR     .....                    (no amulet)
Stlth  +.........               (no ring)
                                (no ring)

@: mighty, lethally poisoned, hasted, very quick, not resistant to hostile
enchantments, very unstealthy
A: unfitting armour, claws 3, fast metabolism 3, gourmand, regeneration 2,
shaggy fur 1, tough skin 2
a: Renounce Religion


You were in a sewer.
You worshipped Ru.
Ru was noncommittal.
You were very full.

You visited 1 branch of the dungeon, and saw 3 of its levels.
You also visited: Sewer.

You collected 68 gold pieces.

Inventory:

Hand weapons
 a - a +2 mace (weapon)
Missiles
 e - 4 needles of sleeping
 j - 7 curare-tipped needles
 k - 15 poisoned needles
Armour
 c - a cursed +0 robe
 d - a +1 robe (worn)
Potions
 g - a potion of restore abilities
 n - 2 potions of magic
Comestibles
 f - 2 meat rations
 h - a bread ration
 i - 3 fruits
 l - a chunk of flesh


   Skills:
 * Level 2.5 Fighting
   Level 2.4(3.1) Axes
 * Level 3.1(3.6) Maces & Flails
 * Level 1.4 Throwing
 - Level 1.0 Armour
 * Level 2.1 Dodging
   Level 1.0 Shields


You had 4 spell levels left.
You didn't know any spells.

Dungeon Overview and Level Annotations

Branches:
Dungeon (3/15)

Altars:
Ru


Innate Abilities, Weirdness & Mutations

You are too large for most types of armour.
You have claws for hands.
Your metabolism is lightning-fast.
You like to eat raw meat.
You heal very quickly.
You are covered in fur (AC +1).
You have very tough skin (AC +2).


Message History

The adder bites you but does no damage. The adder bites you.
* * * LOW HITPOINT WARNING * * *
You are poisoned.
The adder poisons you! The rat bites you.
* * * LOW HITPOINT WARNING * * *
The river rat twitches its whiskers.
The river rat bites you.
* * * LOW HITPOINT WARNING * * *
You miss the adder.
The adder is severely wounded.
You feel sick. The adder closely misses you.
The adder bites you but does no damage. The rat bites you but does no damage.
The rat bites you but does no damage. The river rat barely misses you.
The adder closely misses you. The adder barely misses you.
Drink which item? (? for menu, Esc to quit)
It was a potion of haste.
You feel yourself speed up.
The rat bites you but does no damage. x2
The adder closely misses you. x2
The river rat bites you.
You die...

. ..#
....#####################
.....≈≈≈≈≈≈≈≈≈≈≈≈≈≈≈≈≈≈.###
.....≈≈≈≈≈≈≈≈.≈≈≈≈≈≈≈≈....##
#.....≈≈≈≈≈≈Srr≈≈≈≈≈≈≈≈≈....##
#.....≈≈≈≈rS@≈.≈≈≈≈≈≈≈......#
##...≈≈≈≈≈≈rr≈≈≈≈≈≈≈≈≈......#
###..≈≈≈≈≈≈≈≈≈≈≈≈≈≈≈≈.......
#####################.....
####.... #..'.... #..##...
#####... #....


You could see 2 adders, a river rat and 4 rats.

Vanquished Creatures
  6 river rats
  3 adders (D:2)
  2 worms (D:2)
  An ooze (D:2)
  6 ball pythons
  A goblin (D:2)
  4 hobgoblins
  5 kobolds
  8 bats
  3 giant cockroaches
  4 giant newts
  29 rats
72 creatures vanquished.

Notes
Turn   | Place    | Note
--------------------------------------------------------------
     0 | D:1      | Chiseanne, the Troll Wanderer, began the quest for the Orb.
     0 | D:1      | Chiseanne set off with: a +2 mace, a potion of curing, a +0 hand axe, a +0 robe, 2 meat rations
     0 | D:1      | Reached XP level 1. HP: 19/19 MP: 1/1
   209 | D:1      | Reached XP level 2. HP: 19/28 MP: 1/1
   652 | D:2      | Reached skill level 1 in Dodging
   773 | D:2      | Reached XP level 3. HP: 35/35 MP: 2/2
  1073 | D:2      | Found a sacrificial altar of Ru.
  1087 | D:2      | Became a worshipper of Ru the Awakened
  1168 | D:2      | Reached XP level 4. HP: 37/42 MP: 2/2
  1279 | D:3      | Found a glowing drain.
  1330 | Sewer    | Entered a sewer
  1488 | Sewer    | Reached skill level 3 in Maces & Flails
  1508 | Sewer    | Reached XP level 5. HP: 50/50 MP: 2/2
  1601 | Sewer    | HP: 2/50 [river rat (4)]
  1603 | Sewer    | Slain by a river rat

Action                   |  1- 3 |  4- 6 || total
-------------------------+-------+-------++-------
Melee: Mace              |    96 |    91 ||   187
  Use: Scroll            |     5 |     2 ||     7
       Potion            |       |     3 ||     3
  Eat: Chunk             |    13 |     7 ||    20
